 Dungeon Crawl Stone Soup version 0.24.0-35-gdb84b6a5db (webtiles) character file.

Game seed: 1783717564884318848, levelgen mode: deterministic

718 Flugslaktarn the Chopper (level 7, -1/64 HPs)
             Began as a Deep Dwarf Fighter on Nov 17, 2019.
             Slain by Menkaure (17 damage)
             ... on level 4 of the Dungeon.
             The game lasted 00:02:05 (2802 turns).

Flugslaktarn the Chopper (Deep Dwarf Fighter)       Turns: 2802, Time: 00:02:05

Health: -1/64      AC:  9    Str: 22    XL:     7   Next: 42%
Magic:  4/4        EV:  7    Int:  8    God:
Gold:   237        SH: 10    Dex: 12    Spells: 6/6 levels left

rFire    . . .     SeeInvis .   a - +0 war axe
rCold    . . .     Gourm    .   c - +0 shield
rNeg     . . .     Faith    .   b - +0 scale mail
rPois    .         Spirit   .   k - +0 helmet
rElec    .         Reflect  .   (no cloak)
rCorr    .         Harm     .   (no gloves)
MR       +....                  x - +0 pair of boots
Stlth    ..........             (no amulet)
HPRegen  0.00/turn              (no ring)
MPRegen  0.09/turn              (no ring)

@: non-regenerating
A: damage resistance, heal wounds, sense surroundings 1, no regeneration
a: Heal Wounds


You were on level 4 of the Dungeon.
You were not hungry.

You visited 2 branches of the dungeon, and saw 7 of its levels.

You collected 237 gold pieces.

Inventory:

Hand Weapons
 a - a +0 war axe (weapon)
Armour
 b - a +0 scale mail (worn)
 c - a +0 shield (worn)
 k - a +0 helmet (worn)
   (You found it on level 1 of the Dungeon)
 x - a +0 pair of boots (worn)
   (You found it on level 3 of the Dungeon)
Jewellery
 r - an uncursed ring of protection from cold {unknown}
   (You found it on level 6 of the Dungeon)
Scrolls
 f - 3 scrolls of identify {unknown}
 g - 2 scrolls of fog {unknown}
 h - 2 scrolls of enchant weapon {unknown}
 j - 4 scrolls of teleportation {unknown}
 l - a scroll of noise {unknown}
 p - a scroll of fear {unknown}
 q - 3 scrolls of remove curse {unknown}
 s - a scroll of enchant armour {unknown}
 v - a scroll of random uselessness {unknown}
 w - a scroll of magic mapping {unknown}
 y - a scroll of amnesia {unknown}
Potions
 d - a potion of might
 i - a potion of invisibility {unknown}
 m - 3 potions of brilliance {unknown}
 n - a potion of cancellation {unknown}
 o - 2 potions of lignification {unknown}
 u - a potion of heal wounds {unknown}
 z - 3 potions of curing {unknown}
Comestibles
 e - 8 rations
 t - a chunk of flesh


   Skills:
 + Level 4.3 Fighting
 * Level 6.1 Axes
 + Level 5.1 Armour
 + Level 5.1 Shields


You had 6 spell levels left.
You didn't know any spells.
Your spell library was empty.

Dungeon Overview and Level Annotations

Branches:
Dungeon (6/15)             Temple (1/1) D:6

Altars:
Ashenzari
Cheibriados
Dithmenos
Elyvilon
Fedhas
Gozag
Hepliaklqana
Nemelex Xobeh
Okawaru
Qazlal
Ru
Trog
Uskayaw
Xom
Zin
Lugonu

Annotations:
D:4 Menkaure, Robin


Innate Abilities, Weirdness & Mutations

You are resistant to damage.
You can heal yourself by infusing magical energy.
You passively map a small area around you.
You do not regenerate.


Message History

You feel much better.
The orc wizard shouts!
You block Menkaure's attack. The goblin hits you but does no damage.
You block the goblin's attack. The goblin barely misses you.
You hit Menkaure.
Menkaure is lightly damaged.
You barely miss the goblin. You closely miss the goblin. You hit the goblin.
You kill the goblin!
Menkaure hits you. You block the goblin's attack.
The goblin hits you but does no damage. Menkaure hits you!
The goblin barely misses you.
You completely miss Menkaure.
Menkaure is lightly damaged.
You hit the goblin. You slash the goblin!
You kill the goblin!
You completely miss the iguana. The iguana bites you!
* * * LOW HITPOINT WARNING * * *
Robin throws the goblin at you! You block the goblin's attack.
The goblin hits you but does no damage. Menkaure hits you!!
You die...

, * , , .[. ,, , ,, *,
.. ,o. * ..... ,,* , ,
.g ... .... , , , *.#
#.# * ...* #.# * g##..#.
..* #### #.######ggo.[..
* *
.####..###.##..#lMoo....
...............#@g# * **
.##...#..##.....g## *
##...###..##.....##.#.
.[...###.##............
, *
.....#...###...........
..........##...........,
.....#............(....
,
....###................*
,,
....###................
,


You could see Menkaure, an iguana, Robin, an orc wizard, 2 orcs and 5 goblins.

Vanquished Creatures
  Sigmund (D:2)
  2 ogres
  A bullfrog zombie (D:6)
  A hound (D:4)
  A gnoll shaman (D:6)
  2 orc priests (D:6)
  A worker ant (D:5)
  A hound zombie (D:6)
  A worker ant zombie (D:5)
  4 gnolls (D:6)
  5 adders
  A shadow imp (D:6)
  3 worms
  3 dart slugs
  2 leopard geckos (D:2)
  7 orcs
  7 bats
  5 giant cockroaches
  11 goblins
  9 hobgoblins
  3 quokkas
  A ball python (D:2)
  4 frilled lizards
  16 kobolds
  7 rats
99 creatures vanquished.

Notes
Turn   | Place    | Note
-------+----------+-------------------------------------------
     0 | D:1      | Flugslaktarn the Deep Dwarf Fighter began the quest for the
                  | Orb.
     0 | D:1      | Reached XP level 1. HP: 20/20 MP: 1/1
    62 | D:1      | Found a glowing silver altar of Zin.
   105 | D:1      | Reached XP level 2. HP: 27/27 MP: 2/2
   888 | D:2      | Reached skill level 3 in Axes
   888 | D:2      | Reached XP level 3. HP: 27/34 MP: 3/3
  1025 | D:2      | Reached XP level 4. HP: 26/42 MP: 4/4
  1090 | D:2      | Noticed Sigmund
  1099 | D:2      | Killed Sigmund
  1099 | D:2      | Reached skill level 4 in Axes
  1099 | D:2      | Reached XP level 5. HP: 46/49 MP: 5/5
  1503 | D:3      | Found a hide-covered altar of Uskayaw.
  1503 | D:3      | Found a snail-covered altar of Cheibriados.
  1513 | D:3      | Found a hazy altar of Hepliaklqana.
  1578 | D:3      | You fall into a shaft and drop 3 floors!
  1593 | D:6      | Found a staircase to the Ecumenical Temple.
  1613 | D:6      | Reached XP level 6. HP: 52/57 MP: 6/6
  1623 | Temple   | Entered the Ecumenical Temple
  1702 | D:6      | Reached skill level 5 in Axes
  1770 | D:6      | Found an iron altar of Okawaru.
  1824 | D:6      | Reached XP level 7. HP: 31/64 MP: 5/5
  1931 | D:5      | Entered Level 5 of the Dungeon
  2025 | D:4      | Reached skill level 5 in Armour
  2025 | D:4      | Reached skill level 5 in Shields
  2109 | D:3      | Reached skill level 6 in Axes
  2429 | D:3      | Found a sparkling altar of Nemelex Xobeh.
  2430 | D:3      | Found an opulent altar of Gozag.
  2791 | D:4      | Noticed Menkaure
  2793 | D:4      | Noticed Robin
  2802 | D:4      | Slain by Menkaure

Levels and vault maps discovered:
D:1:      eino_arrival_tree_alley, layout_basic, minmay_hexomino_r4
D:2:      layout_loops_cross, uniq_sigmund
D:3:      wad_crossroads, layout_loops_ring, grunt_temple_overflow_opulence,
          minitemple
D:4:      layout_cave_pools, first_ration, cheibrodos_ashenzari_chains,
          uniq_duvessa, uniq_robin, uniq_menkaure
D:5:      layout_loops_ring, kennysheep_mini_moat,
          chequers_temple_overflow_statue_of_worship,
          chequers_serial_rivers_micro_d
D:6:      layout_basic, okawaru_metal_pillars_1_2, minmay_temple_entry_waves
Temple:   corrupted_temple

Skill      XL: |  1  2  3  4  5  6  7 |
---------------+----------------------+-----
Fighting       | 3 4 |  4.3
Axes           | 3 4 5 6 |  6.1
Armour         | 4 5 |  5.1
Shields        | 4 5 |  5.1

Action                   |  1- 3 |  4- 6 |  7- 9 || total
-------------------------+-------+-------+-------++-------
Melee: War axe           |   112 |   117 |    83 ||   312
 Abil: Heal Wounds       |       |     4 |     5 ||     9
  Eat: Chunk             |     1 |     2 |     4 ||     7
Armor: Scale mail        |    56 |    28 |    35 ||   119
Dodge: Dodged            |    41 |    38 |    30 ||   109
Block: Shield            |    81 |    58 |    42 ||   181
